AoeStats
← Louis087577

Nomad

505312081Analyzed
2v2 RM · 25d ago on Sep 8, 2026· 33m 40s· 4 players
Game mode
Random Map
Map size
176×176
Population
200
Speed
Normal
Resources
Standard
Victory
Conquest
Starting age
Dark Age
Ending age
Imperial Age
RankedLock teamsTeams togetherTeam positionsShared explorationLock speedFull tech treeHidden civsTurbo modeCheats
Victory
Defeat
🇺🇸 Huns · United States
1065
+15
🇺🇸 Japanese · United States
1056
+16
🇫🇷 Vietnamese · France
1063
-16
🇫🇷 Persians · France
1031
-15
Louis087577
5:42 Loom
5:46 Loom
15:42 Feudal Age
16:08 Double-Bit Axe
16:33 Fishing Lines
18:25 Wheelbarrow
18:24 Gold Mining
23:25 Town Watch
26:47 Castle Age
25:40 Stone Mining
28:03 Bow Saw
28:35 Gold Shaft Mining
28:36 Stone Shaft Mining
27:43 Pikeman
29:40 Scale Mail Armor
29:52 Forging
30:49 Squires
30:47 Gambesons
jj84
4:25 Loom
15:25 Feudal Age
16:27 Horse Collar
16:34 Double-Bit Axe
19:47 Wheelbarrow
22:37 Castle Age
20:48 Fishing Lines
22:21 Fletching
22:32 Padded Archer Armor
23:00 Crossbowman
23:51 Bodkin Arrow
24:11 Bow Saw
24:05 Heavy Plow
24:10 Bodkin Arrow
24:31 Leather Archer Armor
28:30 Hand Cart
33:28 Scale Mail Armor
33:39 Forging
Luigi
6:10 Loom
14:14 Feudal Age
15:58 Double-Bit Axe
17:59 Wheelbarrow
18:05 Wheelbarrow
20:09 Castle Age
18:24 Gold Mining
18:19 Horse Collar
20:55 Bloodlines
21:33 Forging
21:28 Scale Barding Armor
21:50 Husbandry
21:11 Light Cavalry
22:16 Bow Saw
22:09 Heavy Plow
23:53 Hand Cart
23:23 Town Watch
24:41 Iron Casting
25:52 Chain Barding Armor
25:47 Fervor
27:59 Town Patrol
32:35 Stone Mining
Mario
12:12 Loom
15:31 Feudal Age
20:21 Castle Age
18:56 Fishing Lines
19:50 Double-Bit Axe
21:49 Wheelbarrow
21:31 Gillnets
23:49 Bow Saw
23:48 Stone Mining
23:50 Gold Mining
25:22 Hand Cart
29:23 Elite Skirmisher
30:09 Thumb Ring
33:23 Gold Shaft Mining
Connection lost

Rejoining the realm…

Still unreachable

The connection could not be restored.

Session expired

The server has moved on; the page needs a fresh start.